 Dungeon Crawl Stone Soup version 0.31-a0-152-g6aa68a64a1 (webtiles) character file.

Game seed: 17680274393147423455

1667 qw the Skirmisher (level 9, -3/56 HPs)
             Began as a Gargoyle Hunter on June 10, 2023.
             Was a Follower of Okawaru.
             Killed from afar by a deep elf pyromancer (15 damage)
             ... with a bolt of fire
             ... on level 7 of the Dungeon.
             The game lasted 00:01:39 (4943 turns).

qw the Skirmisher (Gargoyle Hunter)                 Turns: 4943, Time: 00:01:40

Health: -3/56      AC: 15    Str: 16    XL:     9   Next: 1%
Magic:  11/12      EV: 16    Int:  9    God:    Okawaru [*.....]
Gold:   339        SH:  0    Dex: 23    Spells: 8/8 levels left

rFire   . . .        j - +4 shortbow (heavy)
rCold   . . .        (shield currently unavailable)
rNeg    + . .        b - +0 ring mail
rPois   inf          c - +0 helmet
rElec   +            (no cloak)
rCorr   .            (no gloves)
SInv    +            f - +0 pair of boots
Will    .....        (no amulet)
Stlth   +++          d - +6 ring of dexterity
HPRegen 0.29/turn    a - ring of see invisible
MPRegen 0.13/turn

%: no passive effects
@: heroic
A: sickness immunity, AC +6, negative energy resistance 1, electricity
resistance, torment resistance 1, petrification resistance
a: Renounce Religion, Heroism


You were on level 7 of the Dungeon.
You worshipped Okawaru.
Okawaru was aware of your devotion.
You visited 1 branch of the dungeon, and saw 7 of its levels.

You collected 339 gold pieces.


Innate Abilities, Weirdness & Mutations

You are immune to sickness and miasma.
Your stone body is resilient. (AC +6)
You are immune to poison.
You resist negative energy. (rN+)
You are resistant to electric shocks. (rElec)
You are resistant to unholy torment.
You are immune to petrification.


   Skills:
 - Level 6.5(11.5) Fighting
 - Level 9.2(14.2) Ranged Weapons
 - Level 2.2(7.2) Armour
 + Level 2.1(7.1) Dodging
 - Level 1.1(6.1) Stealth
 - Level 4.0 Invocations


You had 8 spell levels left.
You didn't know any spells.
Your spell library was empty.

Inventory:

Hand Weapons
 j - a +4 heavy shortbow (weapon)
Armour
 b - a +0 ring mail (worn)
 c - a +0 helmet (worn)
 f - a +0 pair of boots (worn)
Jewellery
 a - a ring of see invisible (right hand)
 d - a +6 ring of dexterity (left hand)
 e - a +4 ring of protection
 n - a ring of resist corrosion
Wands
 k - a wand of digging (7)
Scrolls
 i - 6 scrolls of teleportation
 l - 2 scrolls of identify
 p - a scroll of vulnerability {unknown}
Potions
 g - 3 potions of curing
 h - 2 potions of mutation
 m - a potion of attraction
 o - a potion of heal wounds

Dungeon Overview and Level Annotations

Branches:
Dungeon (7/15)             Temple (0/1) D:6

Altars:
Ashenzari
Cheibriados
Dithmenos
Elyvilon
Gozag
Makhleb
Okawaru
Qazlal
Ru
Uskayaw
The Shining One


Message History

You kill the orc!
Okawaru accepts your kill.
You shoot an arrow.
The arrow hits the deep elf pyromancer!!
The deep elf pyromancer is severely wounded.
The deep elf pyromancer gestures wildly while chanting.
You shoot an arrow. The arrow hits the fire elemental!
The fire elemental is moderately damaged.
The fire elemental disappears in a puff of smoke!
The fire elemental hits you. The fire elemental burns you!
You shoot an arrow. The arrow hits the fire elemental.
The fire elemental is moderately damaged.
The fire elemental hits you. The fire elemental burns you!
A shadow comes into view.
The fire elemental completely misses you.
You shoot an arrow.
The arrow barely misses the fire elemental.
The arrow closely misses the deep elf pyromancer.
The arrow hits the fire elemental!!
The fire elemental is severely damaged.
The fire elemental closely misses you.
You shoot an arrow.
The arrow hits the fire elemental but does no damage.
The fire elemental is moderately damaged.
The fire elemental hits you. The fire elemental burns you!
The fire elemental misses you.
You shoot an arrow. The arrow hits the fire elemental!
The fire elemental is heavily damaged.
The fire elemental hits you. The fire elemental burns you!
You shoot an arrow. The arrow hits the fire elemental.
The fire elemental is heavily damaged.
The fire elemental hits you. The fire elemental burns you!
The fire elemental barely misses you.
You shoot an arrow. The arrow hits the fire elemental.
The fire elemental is severely damaged.
The fire elemental hits you. The fire elemental burns you!
The deep elf pyromancer gestures at you while chanting.
The bolt of fire hits the fire elemental.
The fire elemental completely resists.
The bolt of fire hits you!
You die...

# # ##### # #...#
####...#####################.#
.............................#
####...............#########.####
# #...#.##########.........>.....
#...#.# #######.#..####..####.
###...#.# #....@.....##.........
......#.# #..###E###..#..#######.
......#.##.


.Eeo ##...## ......#.#.. #..#E.. ##.## ......#.#.##..##..#. ### ...(..#.#.#..#
#..##. ###...#.#.#.. (#[# #. ......'...#. # #. .# ###...#...# You could see a
deep elf pyromancer, 3 fire elementals and an orc warrior.

Vanquished Creatures
  A vampire (D:7)
  Menkaure (D:4)
  An ogre (D:7)
  A centaur (D:7)
  A kobold brigand (D:6)
  A scorpion (D:6)
  4 wights (D:6)
  2 howler monkeys
  5 hounds (D:4)
  2 gnoll boudas
  2 orc priests (D:4)
  A sleepcap (D:4)
  5 iguanas
  Terence (D:2)
  3 orc wizards
  12 gnolls
  6 adders
  A shadow imp (D:5)
  A white imp (D:5)
  A worm (D:3)
  3 dart slugs
  10 orcs
  9 ball pythons
  10 endoplasms
  5 giant cockroaches
  6 goblins
  7 hobgoblins
  9 quokkas
  4 bats
  3 frilled lizards
  8 kobolds
  3 rats
129 creatures vanquished.

Notes
Turn   | Place    | Note
-------+----------+-------------------------------------------
     0 | D:1      | qw the Gargoyle Hunter began the quest for the Orb.
     0 | D:1      | Reached XP level 1. HP: 12/12 MP: 1/1
     0 | D:1      | 0 ||| qw: Version: 0.2-a-123-gb51047a
     0 | D:1      | 0 ||| qw: Game counter: 3729
     0 | D:1      | 0 ||| qw: Always use a shield: true
     0 | D:1      | 0 ||| qw: God list: Okawaru
     0 | D:1      | 0 ||| qw: Allow faded altars: false
     0 | D:1      | 0 ||| qw: Do Orc after D:15 true
     0 | D:1      | 0 ||| qw: Do second Lair branch before Depths: true
     0 | D:1      | 0 ||| qw: Lair rune preference: random
     0 | D:1      | 0 ||| qw: Plans: Normal, Zot:1-4, Slime:5, God:TSO, Crypt,
                  | Tomb, Abyss, Pan, Hells, Win
     0 | D:1      | 0 ||| PLANNING D:1-11
    50 | D:1      | Reached XP level 2. HP: 13/17 MP: 2/2
   616 | D:1      | Reached XP level 3. HP: 21/21 MP: 3/3
   817 | D:1      | 817 ||| UPGRADING to +0 pair of boots.
   822 | D:1      | 822 ||| UPGRADING to +6 ring of dexterity.
   823 | D:1      | 823 ||| READING 3 scrolls labelled YGOWAQ DUETEJ.
   824 | D:1      | 824 ||| READING 2 scrolls of enchant weapon.
   824 | D:1      | 824 ||| ENCHANTING +1 shortbow.
   825 | D:1      | 825 ||| READING scroll of enchant weapon.
   825 | D:1      | 825 ||| ENCHANTING +2 shortbow.
   826 | D:1      | 826 ||| READING scroll labelled IFECKI ZAMYO.
   827 | D:1      | 827 ||| READING scroll labelled KOK IDDOMNUUNG.
   831 | D:1      | 831 ||| DROPPING scroll of butterflies.
   932 | D:2      | Reached skill level 5 in Ranged Weapons
   981 | D:2      | Noticed Terence
   984 | D:2      | Killed Terence
   985 | D:2      | Reached skill level 3 in Fighting
  1154 | D:2      | Reached XP level 4. HP: 28/28 MP: 4/4
  1308 | D:2      | Found a faded altar of an unknown god.
  1554 | D:2      | 1554 ||| UPGRADING to +0 ring mail.
  1564 | D:2      | 1564 ||| DROPPING +0 leather armour.
  1565 | D:2      | 1565 ||| UPGRADING to ring of see invisible.
  1566 | D:2      | 1566 ||| READING scroll labelled QINUVV POFIUTA.
  1567 | D:2      | 1567 ||| READING scroll labelled FUPED QIRA.
  1568 | D:2      | 1568 ||| READING scroll labelled OCZYEN YVUC.
  1569 | D:2      | 1569 ||| DRINKING 2 lumpy orange potions.
  1655 | D:3      | Found a stormy altar of Qazlal.
  1723 | D:3      | Reached skill level 1 in Armour
  1763 | D:3      | Found an opulent altar of Gozag.
  2254 | D:3      | 2254 ||| UPGRADING to +0 helmet.
  2259 | D:3      | 2259 ||| READING 2 scrolls labelled JAXABL QADWAICIR.
  2260 | D:3      | 2260 ||| READING scroll labelled FYDU GAS JUSKO.
  2305 | D:4      | Found a broken altar of Ashenzari.
  2308 | D:4      | Reached XP level 5. HP: 32/32 MP: 5/5
  2309 | D:4      | 2309 ||| Stepping ~*~*~tactically~*~*~ (outnumbered).
  2310 | D:4      | 2310 ||| Stepping ~*~*~tactically~*~*~ (outnumbered).
  2319 | D:4      | Reached skill level 6 in Ranged Weapons
  2354 | D:4      | 2354 ||| READING scroll of enchant weapon.
  2354 | D:4      | 2354 ||| ENCHANTING +3 heavy shortbow.
  2380 | D:4      | Found a hide-covered altar of Uskayaw.
  2381 | D:4      | Noticed Menkaure
  2389 | D:4      | Killed Menkaure
  2390 | D:4      | Reached XP level 6. HP: 40/40 MP: 6/6
  2397 | D:4      | Found a burning altar of Makhleb.
  2398 | D:4      | Found a shadowy altar of Dithmenos.
  2398 | D:4      | Found an iron altar of Okawaru.
  2399 | D:4      | 2399 ||| PLANNING OKAWARU WORSHIP
  2401 | D:4      | Became a worshipper of Warmaster Okawaru
  2401 | D:4      | 2401 ||| PLANNING D:1-11
  2405 | D:4      | Found a white marble altar of Elyvilon.
  2590 | D:4      | Reached XP level 7. HP: 38/44 MP: 7/7
  2725 | D:4      | Reached skill level 7 in Ranged Weapons
  2897 | D:4      | Reached * piety under Okawaru
  2937 | D:4      | Reached skill level 1 in Invocations
  2997 | D:4      | 2997 ||| DRINKING 2 smoky dark potions.
  2998 | D:4      | 2998 ||| READING 3 scrolls of identify.
  2998 | D:4      | 2998 ||| IDENTIFYING clear potion
  2999 | D:4      | 2999 ||| READING 2 scrolls of identify.
  2999 | D:4      | 2999 ||| IDENTIFYING lumpy yellow potion
  3000 | D:4      | 3000 ||| DROPPING potion of enlightenment.
  3011 | D:5      | Entered Level 5 of the Dungeon
  3095 | D:5      | Found a snail-covered altar of Cheibriados.
  3096 | D:5      | Found a glowing golden altar of the Shining One.
  3736 | D:5      | 3736 ||| READING scroll labelled KUIRPH AMIMM.
  3863 | D:6      | Reached XP level 8. HP: 49/49 MP: 9/9
  3873 | D:6      | Reached skill level 8 in Ranged Weapons
  3873 | D:6      | Reached skill level 3 in Invocations
  4050 | D:6      | Found a sacrificial altar of Ru.
  4440 | D:6      | 4440 ||| Stepping ~*~*~tactically~*~*~ (outnumbered).
  4442 | D:6      | 4442 ||| Stepping ~*~*~tactically~*~*~ (outnumbered).
  4445 | D:6      | 4445 ||| Stepping ~*~*~tactically~*~*~ (outnumbered).
  4450 | D:6      | 4450 ||| INVOKING Heroism.
  4569 | D:6      | Found a staircase to the Ecumenical Temple.
  4583 | D:6      | 4583 ||| READING scroll labelled FIUSAMAMUNN.
  4584 | D:6      | 4584 ||| DRINKING 2 cyan potions.
  4585 | D:6      | 4585 ||| READING 2 scrolls of identify.
  4585 | D:6      | 4585 ||| IDENTIFYING inky potion
  4586 | D:6      | 4586 ||| DROPPING potion of brilliance.
  4691 | D:7      | 4691 ||| INVOKING Heroism.
  4734 | D:7      | 4734 ||| INVOKING Heroism.
  4737 | D:7      | Reached skill level 9 in Ranged Weapons
  4926 | D:7      | Noticed a vampire
  4929 | D:7      | Noticed a deep elf pyromancer
  4931 | D:7      | Killed a vampire
  4932 | D:7      | Reached skill level 6 in Fighting
  4932 | D:7      | Reached XP level 9. HP: 56/56 MP: 12/12
  4932 | D:7      | 4932 ||| INVOKING Heroism.
  4943 | D:7      | HP: 12/56 [fire elemental[a deep elf pyromancer] (4)]
  4943 | D:7      | Killed from afar by a deep elf pyromancer

Levels and vault maps discovered:
D:1:      onia_arrival_mini_spirals, layout_basic
D:2:      layout_loops_ring, shapermc_ecumenical_altar_gd, uniq_terence
D:3:      layout_basic, old_standard_altar, mainiacjoe_overflow_alcove_2
D:4:      minmay_chambers_of_threes, layout_rooms, ashenzari_altar_1,
          minitemple, grunt_ministairs_1, uniq_menkaure
D:5:      layout_basic, grunt_temple_overflow_open
D:6:      layout_basic, mainiacjoe_overflow_alcove_4, temple_fountains
D:7:      minmay_the_grid_octo_2x2 [minmay_the_grid_octo_pinwheel,
          minmay_the_grid_octo_fan_narrow, minmay_the_grid_octo_clover,
          minmay_the_grid_octo_prize_big_c], layout_basic,
          nemelex_xobeh_ov_fountains_minmay, uniq_crazy_yiuf_cottage

Skill      XL: |  1  2  3  4  5  6  7  8 |
---------------+-------------------------+-----
Ranged Weapons | 5 6 7 9 |  9.2
Fighting       | 3 5 6 |  6.5
Armour         | 1 2 |  2.2
Dodging        | 2 |  2.1
Invocations    | 2 4 |  4.0
Stealth        | |  1.1

Action                     |  1- 3 |  4- 6 |  7- 9 || total
---------------------------+-------+-------+-------++-------
   Fire: Shortbow          |    88 |    93 |   132 ||   313
 Invoke: Heroism           |       |       |     4 ||     4
    Use: Scroll            |     5 |     6 |     5 ||    16
         Potion            |       |     1 |     2 ||     3
 Armour: Leather armour    |    13 |     9 |       ||    22
         Ring mail         |       |    10 |    35 ||    45
  Dodge: Dodged            |    26 |    36 |    47 ||   109

Table legend:
 A = Non-vault XP
 B = Vault XP
 C = Vault XP percentage of total XP
 D = Non-vault monster count
 E = Vault monster count
 F = Vault count percentage of total count
                 A         B        C        D         E       F
            +---------+---------+-------+---------+---------+-------
      Total |    1693 |     689 |  28.9 |     107 |      22 |  17.1
            +---------+---------+-------+---------+---------+-------
        D:1 |      36 |       0 |   0.0 |      20 |       0 |   0.0
        D:2 |      41 |      36 |  46.8 |      10 |       1 |   9.1
        D:3 |      45 |       0 |   0.0 |      19 |       0 |   0.0
        D:4 |     423 |     424 |  50.1 |      25 |      18 |  41.9
        D:5 |     128 |       0 |   0.0 |       6 |       0 |   0.0
        D:6 |     651 |       0 |   0.0 |      18 |       0 |   0.0
        D:7 |     369 |     229 |  38.3 |       9 |       3 |  25.0
            +---------+---------+-------+---------+---------+-------
